 Dungeon Crawl Stone Soup version 0.29.0-4-gdea44cf6ec (webtiles) character file.

Game seed: 1818749578704811994

252 SnakkuSnakku7 the Caller (level 5, -8/66 HPs)
             Began as a Palentonga Summoner on Aug 27, 2022.
             Was a Follower of Uskayaw.
             Mangled by an iguana (9 damage)
             ... on level 4 of the Dungeon.
             The game lasted 00:06:55 (3954 turns).

SnakkuSnakku7 the Caller (Palentonga Summoner)      Turns: 3954, Time: 00:06:55

Health: -8/66      AC: 22    Str: 13 (16) XL:     5   Next: 89%
Magic:  5/8        EV:  1    Int: 13 (15) God:    Uskayaw [*.....]
Gold:   112        SH:  0    Dex:  9 (10) Spells: 2/8 levels left

rFire   . . .      SeeInvis +   m - +0 short sword (venom)
rCold   . . .      Faith    .   (no shield)
rNeg    . . .      Spirit   .   (body armour currently unavailable)
rPois   +          Reflect  .   (helmet currently unavailable)
rElec   .          Harm     .   (cloak currently unavailable)
rCorr   .          Rampage  .   (gloves currently unavailable)
Will    .....      NoTele   +   (no barding)
Stlth   +.........              (no amulet)
HPRegen 0.21/turn               (no ring)
MPRegen 0.11/turn               (no ring)

@: tree-form
A: stationary, stasis, torment immunity, boosted hp, large, rugged brown scales
3, see invisible, (deformed body), (roll 1), (armoured tail)
a: Renounce Religion, Stomp


You were on level 4 of the Dungeon.
You worshipped Uskayaw.
Uskayaw was noncommittal.
You were a tree.
You visited 1 branch of the dungeon, and saw 4 of its levels.

You collected 112 gold pieces.

Inventory:

Hand Weapons
 c - a +0 club
 m - a +0 short sword of venom (weapon)
Armour
 a - a +0 robe (melded)
 l - a +0 kite shield
 r - a +0 helmet (melded)
Scrolls
 e - 2 scrolls of blinking {unknown}
 f - 2 scrolls of teleportation {unknown}
 h - 2 scrolls of identify {unknown}
 i - 3 scrolls of vulnerability {unknown}
 k - a scroll of magic mapping {unknown}
 p - a scroll of poison {unknown}
 q - a scroll of acquirement {unknown}
 v - a scroll of immolation {unknown}
Potions
 b - a potion of magic
 d - a potion of heal wounds {unknown}
 g - a potion of attraction {unknown}
 j - a potion of degeneration
 n - a potion of brilliance {unknown}
 o - 2 potions of lignification
 s - a potion of might {unknown}
 t - a potion of resistance {unknown}
 u - a potion of curing {unknown}
 w - a potion of cancellation {unknown}


   Skills:
 + Level 4.2 Fighting
 - Level 1.5 Dodging
 - Level 1.2 Stealth
 - Level 2.0 Spellcasting
 - Level 4.6 Summonings


You had 2 spell levels left.
You knew the following spells:

 Your Spells              Type           Power      Damage    Failure   Level
a - Summon Small Mammal   Summ           52%        N/A       3%          1
b - Call Imp              Summ           13%        N/A       6%          2
c - Call Canine Familiar  Summ           13%        N/A       12%         3

Your spell library contained the following spells:

 Spells                   Type           Power      Damage    Failure   Level
 Summon Guardian Golem    Hex/Summ       7%         N/A       30%         3
 Summon Lightning Spire   Summ/Air       7%         N/A       69%         4


Dungeon Overview and Level Annotations

Branches:
Dungeon (4/15)
 Temple: D:4-7

Altars:
Dithmenos
Uskayaw

Shops:
D:1 =   D:3 [

Portals:
Abyss: D:3

Annotations:
D:3 2 transporters, BuzzyBeetle's ghost, amateur KoBr


Innate Abilities, Weirdness & Mutations

You are a tree.
Your roots penetrate the ground, keeping you stationary.
You cannot be teleported.
You are immune to unholy pain and torment.
Your maximum health is greatly increased.
Your equipment is partially melded.
(You are completely covered in rugged brown scales. (AC +3, +7% HP))
You have supernaturally acute eyesight. (SInv)
((Armour fits poorly on your strangely shaped body.))
((You can roll at nearby foes to attack.))
((You have a long armoured tail.))


Message History

The iguana closely misses you.
You hit the iguana but do no damage.
The iguana is moderately wounded.
The iguana bites you. The iguana bites you!
There is an open door here.
The iguana attacks as you move away! The iguana bites you.
Casting: Call Imp (safe; 4% risk of failure)
Confirm with . or Enter, or press ? or * to list all spells.
The iguana closely misses you.
You swap places.
The iguana bites your rat.
Your rat dies!
Your rat's corpse disappears in a puff of smoke!
Casting: Summon Small Mammal (safe; 3% risk of failure)
Confirm with . or Enter, or press ? or * to list all spells.
A beastly little devil appears in a puff of flame.
The iguana attacks as you move away! The iguana bites you.
Your crimson imp blinks!
The iguana attacks as you move away! The iguana closely misses you.
The iguana attacks as you move away! The iguana bites you!
* * * LOW HITPOINT WARNING * * *
Your crimson imp blinks!
Your crimson imp blinks!
Casting: Call Imp (safe; 4% risk of failure)
Confirm with . or Enter, or press ? or * to list all spells.
The iguana bites you!
* * * LOW HITPOINT WARNING * * *
Okay, then.
Okay, then.
It was a potion of lignification.
You turn into a tree.
Your +0 helmet melds into your body.
Your +0 robe melds into your body.
Your roots penetrate the ground.
The iguana bites you.
* * * LOW HITPOINT WARNING * * *
Your rat bites the iguana but does no damage.
Your crimson imp blinks!
Unknown command.
It was a potion of degeneration.
There was something very wrong with that liquid.
You feel weakened.
You feel dopey.
You feel clumsy.
The adder bites you but does no damage. x2; The iguana bites you!
You die...

##.#........##.......# #.<..#
.....#####......###..# #l##.#
.....# #......###..##.###.# #
.....# #......+....##.....##+#.
.....# #....5.#....######......
.....# #............... +......
###..# #......r....######...... #
#...........§.Sl........#......
###.############♣####.###.#......
.# #.#......#.#...... ..
..#.##.#.#.#.<.... ###.#
.###......#S#...... ###.# #+
####...#.#.S.... ..#.### ##
#....#.#.#...### #.#.... ..
#..[.....'...+ ....#.. .#
####.#.#.#...# .##.#.# ..#
#.#.#.#...#


You could see an iguana (ally target), an adder, a friendly crimson imp
(summoned) and a friendly rat (summoned).

Vanquished Creatures
  A scorpion (D:4)
  An iguana (D:4)
  6 adders
  An ufetubus (D:4)
  A worm (D:4)
  6 dart slugs
  6 ball pythons
  6 endoplasms
  5 goblins
  4 hobgoblins
  5 kobolds
  4 quokkas
  3 bats
  5 frilled lizards
  6 rats
60 creatures vanquished.

Vanquished Creatures (collateral kills)
  3 adders
  A ball python (D:1)
  3 endoplasms (D:1)
  A kobold (D:2)
  A bat (D:1)
  A frilled lizard (D:1)
  4 goblins
14 creatures vanquished.

Grand Total: 74 creatures vanquished

Notes
Turn   | Place    | Note
-------+----------+-------------------------------------------
     0 | D:1      | SnakkuSnakku7 the Palentonga Summoner began the quest for
                  | the Orb.
     0 | D:1      | Reached XP level 1. HP: 13/13 MP: 3/3
   230 | D:1      | Reached XP level 2. HP: 14/20 MP: 3/5
   238 | D:1      | Learned a level 2 spell: Call Imp
   292 | D:1      | Found Rapa's One-of-a-Kind Rings.
   852 | D:1      | Reached XP level 3. HP: 17/25 MP: 6/6
   856 | D:1      | Learned a level 3 spell: Call Canine Familiar
  1911 | D:2      | Reached XP level 4. HP: 32/32 MP: 7/7
  2227 | D:3      | Found a shadowy altar of Dithmenos.
  2269 | D:3      | Reached skill level 1 in Fighting
  2538 | D:3      | Found Uwka's Antique Armour Shop.
  2647 | D:3      | Found a hide-covered altar of Uskayaw.
  2929 | D:3      | Reached XP level 5. HP: 29/41 MP: 8/8
  3030 | D:3      | Found a transporter.
  3030 | D:3      | Found a transporter.
  3037 | D:3      | Noticed a small abomination
  3037 | D:3      | Noticed a toenail golem
  3254 | D:3      | Noticed BuzzyBeetle's ghost (amateur KoBr)
  3272 | D:3      | Found a one-way gate to the infinite horrors of the Abyss.
  3517 | D:3      | Became a worshipper of Uskayaw the Reveller
  3618 | D:4      | Reached * piety under Uskayaw
  3952 | D:4      | HP: 2/44 [iguana (10)]
  3954 | D:4      | Mangled by an iguana

Illustrated notes

Levels and vault maps discovered:
D:1:      dpeg_arrival_rooms_c, layout_loops_cross, nicolae_shop_unique_rings
D:2:      layout_loops_ring
D:3:      layout_loops_ring, nicolae_uskayaw_murder_on_the_dancefloor,
          nicolae_dithmenos_shadow_blocks, gammafunk_ghost_abyssal_escape,
          serial_shops, shop, saegor_snake_ambush
D:4:      layout_basic, kennysheep_little_box, grunt_ministairs_1

Skill      XL: |  1  2  3  4  5 |
---------------+----------------+-----
Summonings     | 4 |  4.6
Fighting       | 2 4 |  4.2
Dodging        | |  1.5
Stealth        | |  1.2
Spellcasting   | |  2.0

Action                   |  1- 3 |  4- 6 || total
-------------------------+-------+-------++-------
Melee: Unarmed           |     9 |       ||     9
       Club              |    88 |       ||    88
       Tailslap          |    13 |     6 ||    19
       Short sword       |     4 |    97 ||   101
       Punch             |     1 |       ||     1
 Cast: Summon Small Mamm |    13 |     3 ||    16
       Call Imp          |     5 |     9 ||    14
  Use: Potion            |       |     2 ||     2
 Stab: Sleeping          |     5 |     4 ||     9
Armor: Robe              |    42 |    44 ||    86
       Skin              |       |     2 ||     2
Dodge: Dodged            |    61 |    50 ||   111
